 Dungeon Crawl Stone Soup version 0.26-a0-752-gcff87cac9a (webtiles) character file.

Game seed: 11305354260393968429

120631 miscthings the Transmogrifier (level 16, -13/70 HPs)
             Began as a Felid Ice Elementalist on Nov 6, 2020.
             Was a High Priest of Sif Muna.
             Killed from afar by a deep elf sorcerer (34 damage)
             ... with damnation
             ... on level 3 of the Elven Halls on Nov 7, 2020.
             The game lasted 02:59:45 (41806 turns).

miscthings the Transmogrifier (FeIE)               Turns: 41806, Time: 02:59:46

Health: -13/70     AC:  3    Str:  4    XL:     16   Next: 0%
Magic:  13/25      EV: 31    Int: 22    God:    Sif Muna [*****.]
Gold:   2130       SH:  0    Dex: 18    Spells: 1/36 levels left
                                        Lives:  0   Deaths: 4

rFire    + . .     SeeInvis +     - Unarmed
rCold    + . .     Faith    .   (shield unavailable)
rNeg     . . .     Spirit   .   (armour unavailable)
rPois    +         Reflect  .   (helmet unavailable)
rElec    .         Harm     .   (cloak unavailable)
rCorr    +         Rampage  .   (gloves unavailable)
MR       ++...                  (boots unavailable)
Stlth    ++++++....             B - amulet of magic regeneration
HPRegen  0.21/turn              s - +4 ring of evasion
MPRegen  0.44/turn              Q - ring "Qucat" {+Blink rF+ rCorr}

@: quick
A: very small, no armour, no weapons or thrown items, stealth, claws 1, fangs 3,
see invisible, speed 1, low mp 2, poison resistance, shaggy fur 3, wild magic 1,
sharp paws
}: 1/15 runes: gossamer
a: Channel Magic, Forget Spell, Divine Exegesis, Renounce Religion, Evoke Blink


You were on level 3 of the Elven Halls.
You worshipped Sif Muna.
Sif Muna was extremely pleased with you.
You visited 6 branches of the dungeon, and saw 31 of its levels.
You visited the Abyss 1 time.
You visited 1 bazaar.
You also visited: Gauntlet, Ice Cave and Volcano.

You collected 4876 gold pieces.
You spent 2746 gold pieces at shops.

Inventory:

Jewellery
 l - an uncursed amulet of reflection
 s - a +4 ring of evasion (left paw)
 w - an uncursed ring of ice
 B - an amulet of magic regeneration (around neck)
 D - an uncursed ring of protection from fire
 H - an uncursed ring of wizardry
 L - an uncursed ring of positive energy
 P - the amulet of Dotzofuc {Faith *Drain rElec rN++ MR+}
   (You acquired it on level 4 of the Spider Nest)

   [amulet of faith]

   It allows you to gain divine favour quickly.
   It insulates you from electricity.
   It greatly protects you from negative energy.
   It affects your resistance to hostile enchantments.
   It causes draining when unequipped.
 Q - the ring "Qucat" (right paw) {+Blink rF+ rCorr}
   (You found it on level 3 of the Elven Halls)

   [ring of resist corrosion]

   It protects you from fire.
   It lets you blink.
   It provides partial protection from all sources of acid and corrosion.
 S - the amulet "Joinus" {Acrobat *Drain rPois rC++ Str+3}
   (You acquired it in a bazaar)

   [amulet of the acrobat]

   It helps you evade while moving and waiting.
   It affects your strength (+3).
   It greatly protects you from cold.
   It protects you from poison.
   It causes draining when unequipped.
Wands
 n - a wand of digging (5)
 o - a wand of polymorph (18)
 r - a wand of random effects (28)
 v - a wand of paralysis (5)
 A - a wand of flame (31)
 C - a wand of enslavement (3)
 E - a wand of acid (1)
 T - a wand of disintegration (30)
Scrolls
 b - 5 scrolls of teleportation
 e - 4 scrolls of immolation
 f - 3 scrolls of amnesia
 h - 3 scrolls of fog
 j - a scroll of vulnerability
 m - 16 scrolls of remove curse
 p - 3 scrolls of magic mapping
 u - 10 scrolls of fear
 x - 9 scrolls of identify {@r1}
 J - a scroll of torment
 M - a scroll of summoning
 R - a scroll of holy word
Potions
 a - 2 potions of berserk rage
 d - 4 potions of curing
 i - 4 potions of might
 k - 6 potions of brilliance
 q - 3 potions of haste
 t - 3 potions of resistance
 z - 2 potions of cancellation
 F - 3 potions of magic
 I - 2 potions of lignification
 K - a potion of flight
 N - a potion of mutation
 O - a potion of heal wounds
Miscellaneous
 c - a phantom mirror
 g - a condenser vane (inert)
 G - a tin of tremorstones (2/2)


   Skills:
 + Level 8.2 Fighting
 + Level 11.0 Dodging
 + Level 11.9 Stealth
 + Level 2.5 Unarmed Combat
 + Level 10.6 Spellcasting
 - Level 8.0 Hexes
 + Level 12.2 Summonings
 + Level 7.2 Translocations
 * Level 14.0 Transmutations
 - Level 13.5 Ice Magic
 - Level 9.0 Earth Magic
 + Level 8.2 Invocations
 + Level 8.9 Evocations


You had one spell level left.
You knew the following spells:

 Your Spells              Type           Power        Failure   Level
a - Frozen Ramparts       Ice            ######       1%          3
b - Lee's Rapid Deconstr  Erth           ######....   7%          5
c - Summon Ice Beast      Ice/Summ       ######..     1%          4
d - Summon Mana Viper     Hex/Summ       ######..     4%          5
e - Ozocubu's Refrigerat  Ice            #######...   5%          6
f - Summon Forest         Summ/Tloc      ######....   4%          5
g - Apportation           Tloc           ######       1%          1
z - Statue Form           Tmut/Erth      ######...    12%         6

Your spell library contained the following spells:

 Spells                   Type           Power        Failure   Level
 Beastly Appendage        Tmut           ######       1%          1
 Freeze                   Ice            ####         1%          1
 Sandblast                Erth           ######       1%          1
 Sting                    Tmut/Pois      ####         1%          1
 Summon Small Mammal      Summ           ####         1%          1
 Animate Skeleton         Necr           ###...       10%         1
 Foxfire                  Conj/Fire      ###.         10%         1
 Magic Dart               Conj           ###.         10%         1
 Pain                     Necr           ###.         10%         1
 Call Imp                 Summ           ######..     1%          2
 Ensorcelled Hibernation  Hex/Ice        ######       1%          2
 Passwall                 Tmut/Erth      ######..     1%          2
 Slow                     Hex            ######..     1%          2
 Wereblood                Tmut           #######.     1%          2
 Call Canine Familiar     Summ           ######..     1%          3
 Confusing Touch          Hex            ######..     1%          3
 Gell's Gravitas          Tloc           ######....   1%          3
 Lesser Beckoning         Tloc           ######....   1%          3
 Ozocubu's Armour         Ice            #######.     1%          3
 Summon Guardian Golem    Hex/Summ       ######..     1%          3
 Tukima's Dance           Hex            ######..     1%          3
 Ice Form                 Ice/Tmut       #######.     1%          4
 Petrify                  Tmut/Erth      ######..     1%          4
 Blade Hands              Tmut           #######...   1%          5
 Summon Demon             Summ           ######....   2%          5
 Leda's Liquefaction      Hex/Erth       ######....   3%          4
 Metabolic Englaciation   Hex/Ice        ######....   3%          5
 Yara's Violent Unravell  Hex/Tmut       ######....   3%          5
 Ignite Poison            Fire/Tmut/Pois #####...     4%          3
 Stone Arrow              Conj/Erth      #####.       4%          3
 Cause Fear               Hex            ######....   4%          4
 Dazzling Flash           Conj/Hex       #####.       5%          3
 Inner Flame              Hex/Fire       #####...     5%          3
 Hailstorm                Conj/Ice       ######..     6%          4
 Shadow Creatures         Summ           N/A          9%          6
 Corpse Rot               Necr/Air       N/A          13%         2
 Poisonous Vapours        Pois/Air       ###...       13%         2
 Searing Ray              Conj           ###...       13%         2
 Sublimation of Blood     Necr           ###.......   13%         2
 Swiftness                Air            ###.....     13%         2
 Alistair's Intoxication  Tmut/Pois      ######...    13%         5
 Irradiate                Conj/Tmut      ######....   13%         5
 Fulminant Prism          Conj/Hex       #####.....   16%         4
 Iskenderun's Mystic Bla  Conj/Tloc      #####...     19%         4
 Dragon Form              Tmut           #######...   22%         7
 Conjure Flame            Conj/Fire      ###.....     24%         3
 Mephitic Cloud           Conj/Pois/Air  ###.....     24%         3
 Static Discharge         Conj/Air       ###.....     24%         3
 Borgnjor's Vile Clutch   Necr/Erth      #####.....   34%         5
 Silence                  Hex/Air        #####.....   38%         5
 Monstrous Menagerie      Summ           ######....   38%         7
 Summon Greater Demon     Summ           ######....   38%         7
 Summon Hydra             Summ           ######....   38%         7
 Invisibility             Hex            ######..     41%         6
 Bolt of Magma            Conj/Fire/Erth ####......   52%         5
 Eringya's Noxious Bog    Tmut/Pois      ######....   52%         6
 Simulacrum               Ice/Necr       ######....   56%         6
 Dispel Undead            Necr           ###.....     58%         4
 Olgreb's Toxic Radiance  Pois           ###.....     58%         4
 Sticky Flame             Conj/Fire      ###.....     58%         4
 Malign Gateway           Summ/Tloc      ######....   73%         7
 Freezing Cloud           Conj/Ice/Air   #####.....   86%         6
 Iron Shot                Conj/Erth      #####.....   86%         6
 Fireball                 Conj/Fire      ###.......   89%         5
 Iskenderun's Battlesphe  Conj           ###.....     89%         5
 Lightning Bolt           Conj/Air       ###.......   89%         5
 Haunt                    Necr/Summ      ######....   99%         7
 Spellforged Servitor     Conj/Summ      ######....   99%         7
 Orb of Destruction       Conj           ###.......   100%        7
 Chain Lightning          Conj/Air       ###.......   100%        8
 Infestation              Necr           ###.......   100%        8
 Lehudib's Crystal Spear  Conj/Erth      #####.....   100%        8
 Necromutation            Tmut/Necr      ######....   100%        8
 Absolute Zero            Ice            #######...   100%        9
 Dragon's Call            Summ           ######....   100%        9
 Fire Storm               Conj/Fire      ###.......   100%        9
 Shatter                  Erth           ######....   100%        9


Dungeon Overview and Level Annotations

Branches:
Dungeon (15/15)            Temple (1/1) D:4            Lair (6/6) D:10
  Swamp (0/4) Lair:3       Spider (4/4) Lair:2        Slime (0/5) Lair:6
    Orc (2/2) D:12            Elf (3/3) Orc:2        Vaults (0/5) D:13
 Depths (0/5) D:15          IceCv (visited)         Volcano (visited)
Gauntlet (visited)

Altars:
Ashenzari
Cheibriados
Dithmenos
Elyvilon
Fedhas
Gozag
Hepliaklqana
Kikubaaqudgha
Makhleb
Nemelex Xobeh
Okawaru
Qazlal
Ru
Sif Muna
Trog
Uskayaw
Vehumet
Wu Jian
Xom
Yredelemnul
Zin
The Shining One
Beogh

Shops:
D:7 *   D:9 [   D:13 *   Orc:2 *([([   Elf:1 (   Elf:2 *   Elf:3 :

Portals:
Trove: D:13 (show slimy rune of Zot)

Annotations:
Elf:2 3 runed translucent doors


Innate Abilities, Weirdness & Mutations

You cannot wear armour.
You are incapable of wielding weapons or throwing items.
Your paws allow you to move quietly. (Stealth)
You have sharp claws.
You have razor-sharp teeth.
You have supernaturally acute eyesight. (SInv)
You cover ground quickly.
Your thick and shaggy fur keeps you warm. (AC +3, rC+)
Your sharp claws are effective at attacking unaware monsters.
Your magical capacity is very low. (-20% MP)
Your system is resistant to poisons. (rPois)
Your spells are a little harder to cast, but a little more powerful.


Message History

Tree limbs sway around you.
The deep elf sorcerer is struck by lightning.
The deep elf elementalist is struck by lightning.
You hear a shout! x7
Branches wave dangerously above you. What are your orders? t - Meow!
Orders for allies: a - Attack new target. r - Retreat! s - Stop attacking. g - Guard the area. f - Follow me.
Anything else - Cancel.
Gang up on whom?
Press: ? - help, Dir - move target cursor, f - deep elf sorcerer
Aim: a deep elf sorcerer, wielding a +2 vampiric dagger and wearing a +0 chain mail (moderately wounded, fast, spells empowered) Attack!
Tree limbs sway around you.
The deep elf sorcerer is hit by a branch!
The deep elf sorcerer points at you and mumbles some strange words.
The sphere of damnation explodes!
The damnation engulfs you!!
You die...

..................(.........
...........)(...............
≈≈≈≈≈≈≈≈≈≈≈≈≈≈≈≈≈≈≈≈≈≈≈≈≈≈≈≈
≈≈≈≈≈≈≈≈≈≈≈≈≈≈≈≈≈≈≈≈≈≈≈≈≈≈≈≈
#################################
.................................
............(.......)............
###'########'#'##♣##♣♣#####'#####
....'.......(♣.(@.♣....#.........
....#.......)'.♣(.R....♣.........
....#......))♣(........+.........
#############♣##♣##♣e############
.§§ ..§§. ...§.(. ...e..≈ ......≈


You could see a deep elf sorcerer (fast, empowered) and a friendly dryad
(summoned).

Vanquished Creatures
  Arachne (Spider:4)
  A ghost moth (Spider:4)
  2 deep elf sorcerers (Elf:1)
  2 orc warlords
  2 emperor scorpions (Spider:4)
  A stone giant (Orc:2)
  3 entropy weavers
  A spark wasp (Spider:4)
  A minotaur (Gauntlet)
  Snorg (D:10)
  A deep elf death mage (Elf:2)
  A fire dragon (Spider:4)
  A rakshasa (D:15)
  3 boulder beetles
  8 vault guards (D:13)
  5 hydras
  3 centaur warriors
  The ghost of YayAnonymity the Basher, a novice TrGl of the Shining One (D:10)
  5 two-headed ogres
  2 dancing weapons
  A queen ant (Spider:1)
  6 death yaks
  An orc high priest (Orc:2)
  A soul eater (Gauntlet)
  9 deep elf knights
  A fire crab (Gauntlet)
  A sea snake (shapeshifter) (D:15)
  An unseen horror (D:14)
  A wizard (Elf:1)
  Pikel (D:7)
  12 deep elf archers
  An orange crystal statue (Elf:3)
  36 deep elf magi
  3 orc knights (Orc:2)
  5 orc sorcerers
  17 wolf spiders
  6 ugly things
  8 orb spiders
  2 manticores
  2 cyclopes
  3 moths of wrath
  Maurice (D:11)
  3 black mambas
  An apocalypse crab (Abyss:3)
  4 elephants
  4 gargoyles
  Psyche (D:11)
  10 cane toads
  A guardian serpent (Abyss:3)
  5 kobold demonologists
  4 komodo dragons
  2 demonic crawlers
  A rime drake (Lair:6)
  5 trolls
  A meliai (Spider:2)
  16 jumping spiders
  4 hornets
  A raiju (Abyss:3)
  Prince Ribbit (D:6)
  A raiju (shapeshifter) (D:15)
  2 slime creatures
  8 blink frogs
  3 large abominations (Abyss:3)
  A flying skull (Abyss:3)
  9 dream sheep
  30 redbacks
  18 tarantellas
  A vampire (D:13)
  A ynoxinul (Abyss:3)
  3 wyverns
  A basilisk (Lair:3)
  2 hogs (Spider:3)
  30 yaks
  2 fire bats (Gauntlet)
  A steam dragon (D:9)
  A chaos spawn (Abyss:3)
  A basilisk (shapeshifter) (D:15)
  A warg (Orc:2)
  24 soldier ants (Spider:1)
  2 water moccasins
  10 nameless horrors
  21 orc warriors
  An ice beast (D:7)
  A sky beast (D:8)
  A necrophage (D:10)
  2 black bears
  A black bear (shapeshifter) (D:15)
  An eye of draining (Abyss:3)
  5 ogres
  15 wolves
  9 centaurs
  2 small abominations (Abyss:3)
  7 boggarts
  3 big kobolds
  5 bullfrogs
  An earth elemental (Elf:3)
  3 scorpions
  2 wights
  7 killer bees
  2 electric eels
  A crimson imp (Abyss:3)
  13 jellies
  2 hounds
  14 orc priests
  A centaur skeleton (D:5)
  29 worker ants
  Crazy Yiuf (D:7)
  Jessica (D:2)
  4 hell rats (Lair:6)
  4 iguanas
  23 orc wizards
  Natasha (twice) (D:2)
  6 gnolls
  12 adders
  2 shadow imps (Gauntlet)
  An ufetubus (D:7)
  4 oozes
  3 worms
  3 dart slugs
  3 leopard geckos (D:2)
  113 orcs
  5 giant cockroaches
  8 goblins
  9 hobgoblins
  6 jackals
  4 quokkas
  2 ball pythons
  7 bats
  7 frilled lizards
  29 kobolds
  4 rats
792 creatures vanquished.

Vanquished Creatures (collateral kills)
  Saint Roka (Orc:2)
  Rupert (Lair:2)
  Jorgrun (Orc:2)
  Gastronok (D:8)
  A tentacled starspawn (Abyss:3)
  Kirke (Spider:3)
  Frances (Spider:2)
  2 ghost moths (Spider:4)
  3 entropy weavers (Spider:4)
  Azrael (Spider:1)
  A blizzard demon (Abyss:3)
  Erolcha (D:11)
  4 hydras
  2 ice dragons (IceCv)
  4 catoblepae
  4 boulder beetles
  A centaur warrior (D:13)
  4 two-headed ogres
  11 dancing weapons
  2 death yaks
  3 deep elf knights
  5 skeletal warriors (D:13)
  3 unseen horrors
  5 deep elf archers
  2 bog bodies (Lair:3)
  A wolf spider zombie (D:15)
  14 orb spiders
  A mana viper (shapeshifter) (Elf:3)
  An orc sorcerer (Orc:1)
  18 deep elf magi
  8 wolf spiders
  2 cyclopes
  11 ugly things
  5 manticores
  4 moths of wrath
  A worldbinder (Abyss:3)
  2 ice statues (IceCv)
  Joseph (D:7)
  5 elephants
  2 centaur skeletons
  3 black mambas
  A smoke demon (Abyss:3)
  2 kobold demonologists
  6 cane toads
  An efreet (Abyss:3)
  2 minotaur zombies (Gauntlet)
  4 komodo dragons
  8 demonic crawlers
  5 rime drakes
  An ice devil (Gauntlet)
  3 trolls
  2 nameless horrors
  15 jumping spiders
  14 slime creatures
  2 meliai (Spider:2)
  A hornet (Spider:4)
  A blink frog (shapeshifter) (Elf:2)
  13 blink frogs
  5 dream sheep
  A polar bear (Lair:3)
  A meliai zombie (D:12)
  A raiju (Abyss:3)
  2 flying skulls (Abyss:3)
  2 air elementals (Elf:2)
  2 shadows
  3 large abominations (Abyss:3)
  26 tarantellas
  3 water elementals
  5 fire elementals (Spider:1)
  28 redbacks
  10 yaks
  4 wyverns
  3 wraiths
  A fire bat (Volcano)
  2 hogs (Spider:3)
  2 basilisks
  A swamp worm (Lair:3)
  A soldier ant (Spider:1)
  3 hell hounds (Spider:1)
  8 water moccasins
  17 ice beasts
  A hornet zombie (D:8)
  11 orc warriors
  A sky beast (D:15)
  4 eyes of draining
  2 black bears
  2 phantoms
  8 ogres
  3 wolves
  6 centaurs
  2 lemures (D:7)
  2 big kobolds
  10 bullfrogs
  5 earth elementals
  3 scorpions
  A wyvern skeleton (D:9)
  An electric eel (Lair:3)
  8 wights
  3 centaur zombies
  2 small abominations (Abyss:3)
  3 quasits
  4 jellies (Lair:6)
  A bullfrog skeleton (D:5)
  A hound (D:7)
  4 orc priests
  7 orc wizards
  2 worker ants
  A killer bee zombie (D:9)
  A howler monkey skeleton (D:7)
  3 adders
  4 gnolls
  2 shadow imps
  4 white imps
  2 ufetubi (Abyss:3)
  An adder zombie (D:8)
  An adder skeleton (D:7)
  A worm (Lair:2)
  31 orcs
  2 kobolds (D:14)
  A leopard gecko zombie (D:6)
507 creatures vanquished.

Vanquished Creatures (others)
  An orc knight (Orc:1)
  A deep elf archer (Elf:2)
  6 deep elf magi
  A wolf spider (Spider:1)
  A jumping spider (Spider:4)
  2 raiju (Abyss:3)
  A redback (Spider:2)
  An orc warrior (Orc:2)
  An orc wizard (Orc:1)
  3 bushes (Lair:6)
  A butterfly (D:7)
  51 fungi
  137 plants
  A snaplasher vine (Spider:4)
  3 starspawn tentacles (Abyss:3)
211 creatures vanquished.

Grand Total: 1510 creatures vanquished

Notes
Turn   | Place    | Note
-------+----------+-------------------------------------------
     0 | D:1      | miscthings the Felid Ice Elementalist began the quest for
                  | the Orb.
     0 | D:1      | Reached XP level 1. HP: 7/7 MP: 4/4
   100 | D:1      | Reached XP level 2. HP: 6/11 MP: 1/6
   473 | D:1      | Reached XP level 3. HP: 13/14 MP: 3/7
   907 | D:2      | Reached skill level 5 in Ice Magic
  1166 | D:2      | Reached XP level 4. HP: 18/18 MP: 6/8
  1279 | D:2      | Learned a level 3 spell: Frozen Ramparts
  1506 | D:2      | Noticed Natasha
  1513 | D:2      | Killed Natasha
  1943 | D:2      | Reached XP level 5. HP: 19/21 MP: 7/9
  1970 | D:2      | Noticed Jessica
  1975 | D:2      | Killed Jessica
  2228 | D:2      | Noticed Natasha
  2235 | D:2      | Killed Natasha
  2737 | D:3      | Found a faded altar of an unknown god.
  2870 | D:3      | Gained mutation: You are covered in thick fur. (AC +2)
                  | [Felid growth]
  2870 | D:3      | Reached XP level 6. HP: 24/24 MP: 6/10
  2876 | D:3      | Learned a level 4 spell: Summon Ice Beast
  3124 | D:3      | Reached skill level 1 in Summonings
  3305 | D:4      | Found a staircase to the Ecumenical Temple.
  3324 | Temple   | Entered the Ecumenical Temple
  3357 | Temple   | Became a worshipper of Sif Muna the Loreminder
  3624 | D:4      | HP: 1/24 [gnoll/+0 spear (10)]
  3957 | D:4      | Reached XP level 7. HP: 9/27 MP: 1/11
  4532 | D:5      | Entered Level 5 of the Dungeon
  4871 | D:5      | Noticed a nameless horror
  4879 | D:5      | Killed a nameless horror
  5024 | D:5      | Found a burning altar of Makhleb.
  5286 | D:6      | Reached * piety under Sif Muna
  5529 | D:6      | Noticed Prince Ribbit
  5541 | D:6      | Killed Prince Ribbit
  5717 | D:6      | Noticed a two-headed ogre
  5849 | D:6      | Killed a two-headed ogre
  5849 | D:6      | Reached skill level 5 in Summonings
  5849 | D:6      | Reached XP level 8. HP: 31/31 MP: 0/12
  6188 | D:7      | Found a shimmering altar of Xom.
  6200 | D:7      | Reached skill level 1 in Fighting
  6221 | D:7      | Noticed Joseph
  6329 | D:7      | Reached skill level 1 in Evocations
  6330 | D:7      | Reached skill level 1 in Invocations
  6478 | D:7      | Reached XP level 9. HP: 21/35 MP: 0/13
  6833 | D:7      | Found a white marble altar of Elyvilon.
  6879 | D:7      | Found Ufach's General Store.
  6889 | D:7      | Bought a scroll of vulnerability for 90 gold pieces
  6889 | D:7      | Bought a potion of cancellation for 96 gold pieces
  7008 | D:7      | Reached ** piety under Sif Muna
  7136 | D:7      | Found a runed translucent door.
  7137 | D:7      | Noticed Crazy Yiuf
  7144 | D:7      | Killed Crazy Yiuf
  7183 | D:7      | Noticed Pikel
  7193 | D:7      | Killed Pikel
  7459 | D:7      | Reached skill level 10 in Ice Magic
  7527 | D:7      | Found a shimmering altar of Xom.
  7723 | D:7      | Found a white marble altar of Elyvilon.
  7738 | D:7      | Found Ufach's General Store.
  8278 | D:7      | Killed Joseph
  8278 | D:7      | Reached skill level 5 in Stealth
  8745 | D:8      | Reached skill level 5 in Dodging
  8958 | D:8      | Noticed Gastronok
  8976 | D:8      | Killed Gastronok
  8976 | D:8      | Reached XP level 10. HP: 17/42 MP: 4/17
  9555 | D:9      | Noticed a five-headed hydra
  9557 | D:9      | Noticed a boulder beetle
  9558 | D:9      | Noticed a skeletal warrior
  9630 | D:9      | Found Keghyisch's Antique Armour Emporium.
  9994 | D:9      | Noticed a two-headed ogre
 10002 | D:9      | Killed a two-headed ogre
 10002 | D:9      | Reached *** piety under Sif Muna
 10028 | D:10     | Entered Level 10 of the Dungeon
 10069 | D:10     | Noticed a gargoyle
 10083 | D:10     | Killed a gargoyle
 10287 | D:10     | Noticed a two-headed ogre
 10302 | D:10     | Killed a two-headed ogre
 10395 | D:10     | Found a staircase to the Lair.
 10411 | D:10     | Reached skill level 5 in Evocations
 10499 | D:10     | Noticed a brown ugly thing
 10510 | D:10     | Killed a brown ugly thing
 10510 | D:10     | Reached XP level 11. HP: 25/45 MP: 5/19
 10585 | D:10     | Found a runed translucent door.
 10585 | D:10     | Noticed YayAnonymity's ghost (novice TrGl)
 10588 | D:10     | Noticed Snorg
 10604 | D:10     | Killed Snorg
 10604 | D:10     | Reached skill level 5 in Spellcasting
 10643 | D:10     | Reached **** piety under Sif Muna
 10926 | D:10     | Killed YayAnonymity's ghost
 10926 | D:10     | Reached skill level 5 in Fighting
 10975 | D:11     | Reached skill level 5 in Invocations
 10976 | D:11     | Noticed a boulder beetle
 11034 | Lair:1   | Entered Level 1 of the Lair of Beasts
 11888 | Lair:2   | Found a hole to the Spider Nest.
 12280 | Lair:2   | Reached ***** piety under Sif Muna
 12656 | Lair:3   | Noticed a six-headed hydra
 12677 | Lair:3   | Killed a six-headed hydra
 13027 | Lair:3   | Noticed a boulder beetle
 13029 | Lair:3   | Identified Sif Muna's Almanac of the Displaced Escort (Sif
                  | Muna gifted it to you on level 3 of the Lair of Beasts)
 13029 | Lair:3   | Received a gift from Sif Muna
 13029 | Lair:3   | Gained mutation: Your thick and shaggy fur keeps you warm.
                  | (AC +3, rC+) [Felid growth]
 13029 | Lair:3   | Reached XP level 12. HP: 43/51 MP: 10/22
 13042 | Lair:3   | Killed a boulder beetle
 13159 | Lair:3   | Learned a level 3 spell: Ozocubu's Armour
 13165 | Lair:3   | Learned a level 5 spell: Summon Mana Viper
 13525 | Lair:3   | Reached skill level 1 in Hexes
 13644 | Lair:3   | Found a staircase to the Swamp.
 13655 | Lair:3   | Killed from afar by an electric eel
 13656 | Lair:3   | Reached XP level 11. HP: -2/47 MP: 18/21
 13902 | Lair:4   | Reached skill level 5 in Hexes
 14112 | Lair:4   | Found a dark tunnel.
 14165 | Volcano  | Entered a volcano
 15147 | Lair:5   | Noticed a seven-headed hydra
 15190 | Lair:5   | Killed a seven-headed hydra
 15288 | Lair:5   | Noticed a death yak
 15477 | Lair:5   | Noticed a death yak
 15478 | Lair:5   | Noticed a death yak
 15794 | Lair:5   | Killed a death yak
 15796 | Lair:5   | Killed a death yak
 15796 | Lair:5   | Reached XP level 12. HP: 35/52 MP: 1/22
 15811 | Lair:5   | Killed a death yak
 16156 | Lair:5   | Reached skill level 10 in Stealth
 16350 | Lair:6   | Entered Level 6 of the Lair of Beasts
 16689 | Lair:6   | Noticed an eight-headed hydra
 16708 | Lair:6   | Killed an eight-headed hydra
 16756 | Lair:6   | Noticed a catoblepas
 16778 | Lair:6   | Killed a catoblepas
 16817 | Lair:6   | Noticed a catoblepas
 16818 | Lair:6   | Noticed a death yak
 16821 | Lair:6   | Noticed a death yak
 16832 | Lair:6   | Killed a catoblepas
 16844 | Lair:6   | Noticed a death yak
 16857 | Lair:6   | Noticed a seven-headed hydra
 16932 | Lair:6   | Killed a death yak
 16997 | Lair:6   | Identified Niguett's Handbook of Gliding Cold (Sif Muna
                  | gifted it to you on level 6 of the Lair of Beasts)
 16997 | Lair:6   | Received a gift from Sif Muna
 17061 | Lair:6   | Killed a seven-headed hydra
 17170 | Lair:6   | Found a staircase to the Slime Pits.
 17296 | Lair:6   | Learned a level 6 spell: Ozocubu's Refrigeration
 17337 | Lair:6   | Reached XP level 13. HP: 57/57 MP: 13/24
 18541 | D:11     | Noticed Psyche
 18554 | D:11     | Killed Psyche
 18584 | D:11     | Identified Sif Muna's Papyrus of Darkness (Sif Muna gifted
                  | it to you on level 11 of the Dungeon)
 18584 | D:11     | Received a gift from Sif Muna
 18753 | D:11     | Found a broken altar of Ashenzari.
 18758 | D:11     | Noticed Erolcha
 18766 | D:11     | Killed Erolcha
 19061 | D:11     | Reached skill level 10 in Dodging
 19270 | D:11     | Noticed Maurice
 19284 | D:11     | Killed Maurice
 19532 | D:12     | Found a staircase to the Orcish Mines.
 20552 | Orc:1    | Entered Level 1 of the Orcish Mines
 20874 | Orc:1    | Noticed an orc warlord
 20890 | Orc:1    | Killed an orc warlord
 20951 | Orc:1    | Received a gift from Sif Muna
 21004 | Orc:1    | Reached XP level 14. HP: 52/61 MP: 0/26
 21084 | Orc:1    | Found a roughly hewn altar of Beogh.
 21289 | Orc:1    | Learned a level 6 spell: Statue Form
 21313 | Orc:2    | Entered Level 2 of the Orcish Mines
 21313 | Orc:2    | Found a gate leading to a gauntlet.
 21313 | Orc:2    | Found Beivau's General Store.
 21337 | Orc:2    | Reached skill level 1 in Transmutations
 21351 | Orc:2    | Bought a potion of curing for 48 gold pieces
 21351 | Orc:2    | Bought a scroll of identify for 32 gold pieces
 21351 | Orc:2    | Bought a potion of heal wounds for 80 gold pieces
 21355 | Gauntlet | Entered a Gauntlet
 21355 | Gauntlet | Found a transporter.
 21355 | Gauntlet | Found a transporter.
 21355 | Gauntlet | Found a transporter.
 21359 | Gauntlet | Found a transporter.
 21360 | Gauntlet | Found a transporter.
 21375 | Gauntlet | Found a transporter.
 21376 | Gauntlet | Found a transporter.
 21382 | Gauntlet | Found a transporter.
 21390 | Gauntlet | Found a transporter.
 21408 | Gauntlet | Found a transporter.
 21416 | Gauntlet | Found a transporter.
 21433 | Gauntlet | Found a transporter.
 21557 | Gauntlet | Gained mutation: You are frail. (-10% HP) [potion of
                  | mutation]
 21557 | Gauntlet | Gained mutation: You have a somewhat thin skeletal
                  | structure. (Dex +2, Stealth) [potion of mutation]
 21558 | Gauntlet | Lost mutation: You are frail. (-10% HP) [potion of
                  | mutation]
 21558 | Gauntlet | Lost mutation: You have a somewhat thin skeletal structure.
                  | (Dex +2, Stealth) [potion of mutation]
 21558 | Gauntlet | Gained mutation: Your spells are a little harder to cast,
                  | but a little more powerful. [potion of mutation]
 21558 | Gauntlet | Gained mutation: Your magical capacity is low. (-10% MP)
                  | [potion of mutation]
 21558 | Gauntlet | Gained mutation: Your system is resistant to poisons.
                  | (rPois) [potion of mutation]
 22077 | Gauntlet | Identified Gaovid's Disquisition on Earthen Flight
 22247 | Orc:2    | Gained mutation: Your magical capacity is very low. (-20%
                  | MP) [a neqoxec]
 22453 | Orc:2    | Found a roughly hewn altar of Beogh.
 22558 | Orc:2    | Noticed a stone giant
 22679 | Orc:2    | Noticed Sonja
 22683 | Orc:2    | Noticed Sonja
 22683 | Orc:2    | Sonja changed into Sonja the cane toad
 22689 | Orc:2    | Killed a stone giant
 22693 | Orc:2    | Killed Sonja the cane toad
 22805 | Orc:2    | Found a roughly hewn altar of Beogh.
 22813 | Orc:2    | Found Mioprass's Armour Shoppe.
 22858 | Orc:2    | Found a roughly hewn altar of Beogh.
 22858 | Orc:2    | Found Ejociu Qaogi's Weapon Boutique.
 22917 | Orc:2    | Noticed an orc warlord
 22932 | Orc:2    | Killed an orc warlord
 22932 | Orc:2    | Reached skill level 10 in Summonings
 22932 | Orc:2    | Identified Sif Muna's Handbook of Supportive Confrontation
                  | (Sif Muna gifted it to you on level 2 of the Orcish Mines)
 22932 | Orc:2    | Received a gift from Sif Muna
 23098 | Orc:2    | Paralysed by an orc sorcerer for 6 turns
 23281 | Orc:2    | Noticed Jorgrun
 23419 | Orc:2    | Found a staircase to the Elven Halls.
 23531 | Orc:2    | Killed Jorgrun
 23867 | Orc:2    | Found a roughly hewn altar of Beogh.
 23976 | Orc:2    | Noticed Saint Roka
 24411 | Orc:2    | Killed Saint Roka
 24458 | Orc:2    | Found Exkuliol's Antique Weapon Emporium.
 24469 | Orc:2    | Found a roughly hewn altar of Beogh.
 24476 | Orc:2    | Found Faush's Antique Armour Shoppe.
 24647 | D:13     | Found a gate to the Vaults.
 24668 | D:13     | Reached skill level 1 in Earth Magic
 24871 | D:13     | Reached skill level 2 in Transmutations
 24890 | D:13     | Found a frozen archway.
 24916 | IceCv    | Entered an ice cave
 24925 | IceCv    | Received a gift from Sif Muna
 25194 | IceCv    | Reached skill level 3 in Transmutations
 25737 | D:13     | Found Useon's General Store.
 25772 | D:13     | Bought a scroll of fear for 52 gold pieces
 25864 | D:13     | Reached skill level 4 in Transmutations
 26142 | D:13     | Reached XP level 15. HP: 49/64 MP: 8/22
 26296 | D:13     | Found a portal to a secret trove of treasure.
 26453 | D:14     | Reached skill level 5 in Transmutations
 26787 | D:14     | Shot with an arrow by a centaur warrior
 26788 | D:14     | Reached XP level 14. HP: -10/61 MP: 14/21
 26788 | D:14     | Found a shimmering altar of Xom.
 26894 | D:14     | Found an ancient bone altar of Kikubaaqudgha.
 26999 | D:14     | Shot with an arrow by a centaur warrior
 27000 | D:14     | Reached XP level 13. HP: -8/57 MP: 15/20
 27386 | D:15     | Entered Level 15 of the Dungeon
 27568 | D:15     | Identified Sif Muna's Disquisition on Summoning (Sif Muna
                  | gifted it to you on level 15 of the Dungeon)
 27568 | D:15     | Received a gift from Sif Muna
 28070 | D:15     | Found a staircase to the Depths.
 28161 | D:15     | Reached skill level 10 in Spellcasting
 28490 | Spider:1 | Entered Level 1 of the Spider Nest
 28493 | Spider:1 | Noticed Rupert
 28560 | Lair:2   | Killed Rupert
 28895 | Lair:2   | Learned a level 7 spell: Summon Hydra
 28902 | Lair:2   | Learned a level 5 spell: Summon Forest
 28959 | Spider:1 | Reached skill level 1 in Translocations
 28973 | Spider:1 | Identified Sif Muna's Collected Works on Sinister Summoning
                  | (Sif Muna gifted it to you on level 1 of the Spider Nest)
 28973 | Spider:1 | Received a gift from Sif Muna
 28974 | Spider:1 | Noticed Azrael
 28988 | Spider:1 | Killed Azrael
 28988 | Spider:1 | Reached XP level 14. HP: 52/61 MP: 6/23
 29047 | Spider:1 | Reached skill level 5 in Translocations
 29451 | Spider:1 | Reached skill level 5 in Earth Magic
 29460 | Spider:1 | Reached skill level 6 in Transmutations
 29543 | Spider:1 | Noticed an entropy weaver
 29544 | Spider:1 | Noticed an entropy weaver
 29547 | Spider:1 | Killed an entropy weaver
 29547 | Spider:1 | Killed an entropy weaver
 29553 | Spider:1 | Reached skill level 7 in Transmutations
 29562 | Spider:1 | Identified Qoostri's Guide on Beguiling (Sif Muna gifted it
                  | to you on level 1 of the Spider Nest)
 29562 | Spider:1 | Received a gift from Sif Muna
 30471 | Spider:2 | Reached skill level 8 in Transmutations
 30543 | Spider:2 | Noticed Frances
 30561 | Spider:2 | Killed Frances
 31438 | Spider:2 | Reached skill level 9 in Transmutations
 31673 | Spider:3 | Reached XP level 15. HP: 57/64 MP: 9/24
 31680 | Spider:3 | Received a gift from Sif Muna
 32193 | Spider:3 | Noticed Kirke
 32221 | Spider:3 | Killed Kirke
 32680 | Spider:4 | Entered Level 4 of the Spider Nest
 32740 | Spider:4 | Reached skill level 10 in Transmutations
 32924 | Spider:4 | HP: 3/64 [entropy weaver (14)]
 33424 | Spider:4 | Noticed a ghost moth
 33574 | Spider:4 | Killed a ghost moth
 33652 | Spider:4 | Reached skill level 11 in Transmutations
 33656 | Spider:4 | Identified Sif Muna's Compendium of Unstable Fascination
                  | (Sif Muna gifted it to you on level 4 of the Spider Nest)
 33656 | Spider:4 | Received a gift from Sif Muna
 33840 | Spider:4 | Noticed a ghost moth
 33863 | Spider:4 | Killed a ghost moth
 34064 | Spider:4 | Identified 2 scrolls of acquirement
 34065 | Spider:4 | Acquired the amulet of Dotzofuc {Faith *Drain rElec rN++
                  | MR+}
 34067 | Spider:4 | Acquired 656 gold pieces
 34084 | Spider:4 | Noticed Arachne
 34392 | Spider:4 | Noticed a ghost moth
 34398 | Spider:4 | Killed Arachne
 34398 | Spider:4 | Reached skill level 12 in Transmutations
 34398 | Spider:4 | Killed a ghost moth
 34757 | Spider:4 | Got a gossamer rune of Zot
 35194 | Elf:1    | Entered Level 1 of the Elven Halls
 35570 | Elf:1    | Noticed a deep elf sorcerer
 35571 | Elf:1    | Cast into level 3 of the Abyss (a deep elf sorcerer)
 35607 | Abyss:3  | Found a corrupted altar of Lugonu.
 35621 | Abyss:3  | Reached skill level 13 in Transmutations
 35775 | Abyss:3  | Noticed a tentacled starspawn
 35784 | Abyss:3  | Killed a tentacled starspawn
 35784 | Abyss:3  | Reached XP level 16. HP: 64/69 MP: 14/25
 35875 | Abyss:3  | Identified Sif Muna's Disquisition on Creative Combat Magic
                  | (Sif Muna gifted it to you on level 3 of the Abyss)
 35875 | Abyss:3  | Received a gift from Sif Muna
 36179 | Abyss:3  | Noticed a bone dragon
 36267 | Abyss:3  | HP: 2/69 [starcursed mass/accursed screaming (12)]
 36268 | Abyss:3  | Noticed a bone dragon
 36285 | Abyss:3  | Learned a level 1 spell: Apportation
 36461 | Abyss:3  | Noticed a tentacled starspawn
 36524 | Abyss:3  | Noticed a tentacled starspawn
 36526 | Abyss:3  | Noticed an ancient lich
 36557 | Abyss:3  | Noticed a hellephant
 36560 | Elf:1    | Escaped the Abyss
 36962 | Elf:1    | Found Yclouj's Antique Weapon Boutique.
 36970 | Elf:1    | Reached skill level 14 in Transmutations
 38071 | Elf:1    | Killed from afar by a deep elf mage
 38072 | Elf:1    | Reached XP level 15. HP: -26/66 MP: 24/24
 38117 | Elf:2    | Found Jateawoef's General Store.
 38166 | Elf:2    | Reached skill level 1 in Unarmed Combat
 38427 | Elf:2    | Bought a potion of curing for 54 gold pieces
 38427 | Elf:2    | Bought a phantom mirror for 720 gold pieces
 38938 | Elf:2    | Identified Sif Muna's Papyrus of Stones and Transmigration
                  | (Sif Muna gifted it to you on level 2 of the Elven Halls)
 38938 | Elf:2    | Received a gift from Sif Muna
 39749 | Elf:2    | Found a runed translucent gate.
 39749 | Elf:2    | Found a runed translucent gate.
 39754 | Elf:2    | Found a runed translucent gate.
 39934 | Elf:3    | Entered Level 3 of the Elven Halls
 39954 | Elf:3    | Got a glittering turquoise ring
 39955 | Elf:3    | Identified the ring "Qucat" {+Blink rF+ rCorr} (You found
                  | it on level 3 of the Elven Halls)
 39980 | Elf:3    | Found a gateway to a bazaar.
 40004 | Bazaar   | Entered a bazaar
 40004 | Bazaar   | Found Xiwkyna's Antique Weapon Emporium.
 40004 | Bazaar   | Found Kilaf's Weapon Shoppe.
 40004 | Bazaar   | Found Nacy's Magic Scroll Emporium.
 40006 | Bazaar   | Found Nocetzua's Book Shoppe.
 40029 | Bazaar   | Bought 3 scrolls of acquirement for 1404 gold pieces
 40029 | Bazaar   | Bought a scroll of holy word for 67 gold pieces
 40029 | Bazaar   | Bought a scroll of teleportation for 27 gold pieces
 40029 | Bazaar   | Bought a scroll of teleportation for 27 gold pieces
 40029 | Bazaar   | Bought a scroll of identify for 18 gold pieces
 40029 | Bazaar   | Bought a scroll of fear for 31 gold pieces
 40212 | Bazaar   | Acquired the amulet "Joinus" {Acrobat *Drain rPois rC++
                  | Str+3}
 40214 | Bazaar   | Acquired 781 gold pieces
 40215 | Bazaar   | Acquired a book of Annihilations
 40473 | Elf:3    | Found Boud's One-of-a-Kind Books.
 40874 | Elf:3    | Learned a level 5 spell: Lee's Rapid Deconstruction
 41675 | Elf:3    | Reached XP level 16. HP: 70/70 MP: 5/25
 41806 | Elf:3    | Killed from afar by a deep elf sorcerer

Illustrated notes

Levels and vault maps discovered:
D:1:      lightli_arrival_boilingwater, layout_loops_ring,
          corexii_leaking_fountain, minmay_misc_feat_roman
D:2:      layout_loops_corners, uniq_jessica, uniq_natasha
D:3:      layout_basic, chequers_ecumenical_altar_simple
D:4:      layout_basic, minmay_temple_entry_junction_2
D:5:      layout_loops_ring, mrwooster_statue_mirror,
          makhleb_blood_cavern_becter
D:6:      layout_loops_cross, uniq_prince_ribbit1
D:7:      layout_basic, xom_butterflies, serial_glass, glass_columns_b,
          glass_columns_a, serial_shops, shop, elyvilon_altar_5,
          uniq_crazy_yiuf_cottage, uniq_pikel, uniq_joseph
D:8:      layout_loops_ring, chequers_serial_rivers_small_a, uniq_gastronok
D:9:      layout_gridville, serial_shops, shop, onia_ninara_dug_in_and_dangerous
D:10:     layout_loops_ring, david_lair_shrubbed, gammafunk_ghost_grave,
          uniq_snorg
D:11:     layout_basic, evilmike_ruin_ashenzari, uniq_maurice, uniq_erolcha,
          uniq_psyche
D:12:     layout_gridville, orc_0_dummy, kennysheep_donut
D:13:     layout_basic, erik_vaults_2, nicolae_trove_entry_crystal,
          portal_ice_cave_rime, serial_shops,
          nicolae_shop_temple_entry_statues_fountains
D:14:     layout_irregular_city, basic_altar, lemuel_crystal_altar
D:15:     gammafunk_enter_depths_forms, layout_cave_pools,
          hangedman_abyss_or_decor_clamps
Temple:   grunt_wide_crystal_templ
Lair:1:   statuecave_lemuel, layout_cave_pods, serial_bayou_pond_d
Lair:2:   layout_gridlike, nicolae_spider_entry_non_spiders
Lair:3:   layout_cave_pods, nicolae_swamp_entry_splash_gauntlet
Lair:4:   layout_loops_ring, enter_volcano_4
Lair:5:   layout_cave_shapes
Lair:6:   evilmike_catoblepas_cave, layout_loops_ring,
          minmay_slime_entry_jelly_boxes, chequers_serial_rivers_room_b,
          infiniplex_staircase_pool
Spider:1: layout_spider_delve, nicolae_spider_webs_and_nodes, zaba_anthell,
          uniq_azrael, uniq_rupert
Spider:2: layout_spider_delve, nicolae_spider_cling_halls, uniq_frances
Spider:3: layout_spider_delve, spiders_nest_hornet_nest, uniq_kirke
Spider:4: johnstein_spider_rune_arachne_lair
Orc:1:    layout_caves, basic_altar
Orc:2:    grunt_orc_community_town_hall, layout_diamond_mine,
          grunt_orc_community_big_house_2, grunt_orc_community_big_house_1,
          grunt_orc_community_house_1, grunt_orc_community_house_1,
          grunt_orc_community_house_2, grunt_orc_community_house_3,
          gauntlet_entry_generic, serial_shops, shop, basic_altar, uniq_jorgrun,
          uniq_sonja
Elf:1:    minmay_elf_arrival_summoners, layout_geoelf_grid, serial_shops, shop,
          hangedman_elf_disciples
Elf:2:    layout_geoelf_octagon, serial_shops, shop
Elf:3:    nooodl_elf_gasket, layout_geoelf_castle, serial_shops, freezing_bzr,
          minivault_15, nicolae_rare_books

Skill      XL: |  1  2  3  4  5  6  7  8  9 10 11 12 13 14 15 16 |
---------------+-------------------------------------------------+-----
Ice Magic      | 4 5 6 7 9 10 11 13 | 13.5
Summonings     | 2 5 8 12 | 12.2
Dodging        | 3 5 6 8 9 10 11 | 11.0
Stealth        | 3 6 7 9 10 11 | 11.9
Fighting       | 1 3 4 6 7 8 |  8.2
Evocations     | 1 3 5 6 7 8 |  8.9
Invocations    | 1 3 4 6 7 8 |  8.2
Spellcasting   | 4 6 7 10 | 10.6
Hexes          | 8 2 |  8.0
Transmutations | 9 13 14 | 14.0
Earth Magic    | 7 9 |  9.0
Translocations | 3 6 7 |  7.2
Unarmed Combat | 2 |  2.5

Action                   |  1- 3 |  4- 6 |  7- 9 | 10-12 | 13-15 | 16-18 || total
-------------------------+-------+-------+-------+-------+-------+-------++-------
Melee: Unarmed           |    20 |    44 |    33 |    82 |   188 |    10 ||   377
       Bite              |       |     3 |     1 |    16 |    16 |     1 ||    37
 Cast: Freeze            |    38 |    38 |     7 |     1 |     8 |       ||    92
       Frozen Ramparts   |       |    24 |    42 |    92 |   194 |    18 ||   370
       Summon Ice Beast  |       |     3 |    25 |   106 |    71 |     1 ||   206
       Summon Mana Viper |       |       |       |     5 |   334 |    36 ||   375
       Ozocubu's Armour  |       |       |       |     2 |     5 |       ||     7
       Ozocubu's Refrige |       |       |       |       |    62 |    17 ||    79
       Summon Forest     |       |       |       |       |     6 |     1 ||     7
       Statue Form       |       |       |       |       |    10 |       ||    10
       Apportation       |       |       |       |       |     5 |       ||     5
       Lee's Rapid Decon |       |       |       |       |     2 |       ||     2
Invok: Channel Magic     |       |       |       |       |     9 |     1 ||    10
Evoke: Wand              |       |       |     4 |    25 |    94 |     5 ||   128
       Condenser vane    |       |       |       |       |       |     2 ||     2
  Use: Scroll            |       |     7 |    10 |    10 |    24 |     2 ||    53
       Potion            |       |     1 |       |     3 |    18 |     6 ||    28
 Stab: Sleeping          |     8 |     6 |     2 |     2 |    10 |       ||    28
       Distracted        |     1 |       |       |     1 |     2 |     1 ||     5
       Paralysed         |       |       |       |     2 |    24 |       ||    26
       Petrified         |       |       |       |       |     4 |       ||     4
Armor: Skin              |     1 |     5 |     6 |     4 |    44 |     5 ||    65
Dodge: Dodged            |    39 |    68 |    70 |   163 |   767 |    66 ||  1173
Block: Other             |       |     6 |    17 |    37 |    41 |       ||   101
       Reflection        |       |       |     6 |     1 |    10 |       ||    17

Table legend: (Time is in decaauts)
 A = Elapsed time spent in this place.
 B = Non-inter-level travel time spent in this place.
 C = Inter-level travel time spent in this place.
 D = Time resting spent in this place.
 E = Time spent auto-exploring this place.
 F = Levels seen in this place.
 G = Mean time per level.
                   A        B        C        D        E       F      G
               +--------+--------+--------+--------+--------+-----+--------+
         Total |  37106 |  35697 |   1409 |  11617 |  13416 |  36 | 1030.7 |
       Dungeon |  14180 |  13566 |    614 |   2595 |   7078 |  15 |  945.3 |
        Temple |     56 |     48 |      8 |      0 |     39 |   1 |   56.0 |
          Lair |   6742 |   6399 |    343 |   1952 |   2604 |   6 | 1123.7 |
   Spider Nest |   5537 |   5385 |    152 |   2754 |   1266 |   4 | 1384.2 |
  Orcish Mines |   2819 |   2667 |    152 |    877 |    826 |   2 | 1409.5 |
   Elven Halls |   5271 |   5134 |    137 |   2584 |   1256 |   3 | 1757.0 |
         Abyss |    829 |    829 |      0 |    111 |      2 |   1 |  829.0 |
        Bazaar |    210 |    210 |      0 |    187 |      8 |   1 |  210.0 |
      Ice Cave |    512 |    512 |      0 |    169 |    153 |   1 |  512.0 |
       Volcano |    186 |    186 |      0 |      0 |     44 |   1 |  186.0 |
      Gauntlet |    761 |    761 |      0 |    385 |    136 |   1 |  761.0 |
               +--------+--------+--------+--------+--------+-----+--------+

Top non-repeatable levels by time:
   Elf:1: 2190 daAuts
Spider:4: 2046 daAuts
     D:7: 2043 daAuts
   Orc:2: 2041 daAuts
Spider:1: 1932 daAuts
  Lair:6: 1760 daAuts
   Elf:3: 1661 daAuts
   Elf:2: 1419 daAuts
     D:2: 1406 daAuts
  Lair:4: 1175 daAuts
  Lair:2: 1135 daAuts
     D:4: 1064 daAuts
    D:12: 1050 daAuts
    D:13: 1003 daAuts
  Lair:3: 1002 daAuts
